 Dungeon Crawl Stone Soup version 0.18-a0-1789-gbeff17f (webtiles) character file.

17 M4edhros the Grave Robber (level 2, -3/17 HPs)
             Began as an Octopode Necromancer on Apr 21, 2016.
             Slain by an adder (4 damage)
             ... on level 2 of the Dungeon.
             The game lasted 00:01:21 (195 turns).

M4edhros the Grave Robber (Octopode Necromancer)     Turns: 195, Time: 00:01:22

Health: -3/17      AC:  1    Str:  7    XL:     2   Next: 62%
Magic:  0/5        EV: 12    Int: 17    God:
Gold:   50         SH:  0    Dex: 12    Spells: 1 memorised, 4 levels left

rFire  . . .     SeeInvis .       - Unarmed
rCold  . . .     Gourm    .     (no shield)
rNeg   . . .     Faith    .     (helmet restricted)
rPois  .         Spirit   .     (no amulet)
rElec  .         Dismiss  .     (no ring)
rCorr  .         Reflect  .     (no ring)
SustAt .         Harm     .     (no ring)
MR     .....                    (no ring)
Stlth  +++.......               (no ring)
                                (no ring)
                                (no ring)
                                (no ring)

@: lethally poisoned (-3 -> -7), not resistant to hostile enchantments, fairly
stealthy
A: almost no armour, amphibious, 8 rings, constrict 8, camouflage 1, gelatinous
body 1
a: no special abilities


You were on level 2 of the Dungeon.
You were not hungry.

You visited 1 branch of the dungeon, and saw 2 of its levels.

You collected 50 gold pieces.

Inventory:

Missiles
 e - 85 stones (quivered)
Scrolls
 d - a scroll of enchant weapon
Books
 a - a book of Necromancy

   Spells                             Type                      Level
   a - Pain                           Necromancy                   1
   b - Animate Skeleton               Necromancy                   1
   c - Vampiric Draining              Necromancy                   3
   d - Regeneration                   Charms/Necromancy            3
   e - Animate Dead                   Necromancy                   4
   f - Control Undead                 Necromancy                   4
Comestibles
 b - a bread ration
 c - a meat ration
 h - 4 fruits


   Skills:
 - Level 2.0 Dodging
 - Level 2.6 Stealth
 + Level 2.2 Unarmed Combat
 - Level 2.0 Spellcasting
 - Level 4.0 Necromancy


You had 4 spell levels left.
You knew the following spells:

 Your Spells              Type           Power        Failure   Level  Hunger
a - Pain                  Necr           ###.         3%          1    #......


Dungeon Overview and Level Annotations

Branches:
Dungeon (2/15)

Altars:


Innate Abilities, Weirdness & Mutations

You cannot wear most types of armour.
You are amphibious.
You can wear up to eight rings at the same time.
You can use your tentacles to constrict eight enemies at once.
Your skin changes colour to match your surroundings (Stealth).
Your rubbery body absorbs attacks (AC +1).


Message History

Casting: Pain
Confirm with . or Enter, or press ? or * to list all spells.
Aiming: Pain
Press: ? - help, Shift-Dir - straight line, f - adder
Aim: an adder (chance to defeat MR: 80%)
The adder convulses in agony!
The adder bites you.
* * * LOW HITPOINT WARNING * * *
You are lethally poisoned!
The adder poisons you!
You barely miss the adder. Your grab misses the adder.
The adder is lightly wounded.
* * * LOW HITPOINT WARNING * * *
You feel sick. The adder bites you.
* * * LOW HITPOINT WARNING * * *
Unknown command.
You tentacle-slap the adder but do no damage.
Your grab misses the adder.
The adder is lightly wounded.
The adder bites you.
You die...

#
...#....#..)....#
######.###.....###
#.# #.....#
#.###.....#
#.........#
.#####....#
#.#####....#
#..........#
#######@#### . ..
#S#####.#
..S.#.###g.......
#...†.S.r.#####..
#.#.#.###.# ..
#........ #.
#........ #
#........
.........


You could see an adder, a hobgoblin and a rat.

Vanquished Creatures
  An ooze (D:2)
  4 goblins
  A hobgoblin (D:1)
  2 kobolds (D:1)
  A giant newt (D:1)
  3 rats (D:2)
12 creatures vanquished.

Notes
Turn   | Place    | Note
--------------------------------------------------------------
     0 | D:1      | M4edhros the Octopode Necromancer began the quest for the Orb.
     0 | D:1      | Reached XP level 1. HP: 11/11 MP: 3/3
    65 | D:1      | Reached skill level 1 in Unarmed Combat
    81 | D:2      | Reached XP level 2. HP: 13/17 MP: 3/5
   195 | D:2      | Slain by an adder

Vault maps used:
D:1:      minmay_arrival_doors
D:2:      amethyst_overflow_temple_binary, first_bread

Skill      XL: |  1  2 |
---------------+-------+-----
Unarmed Combat | 1 2 |  2.2
Dodging        | |  2.0
Stealth        | |  2.6
Spellcasting   | |  2.0
Necromancy     | |  4.0

Action                   || total
-------------------------++-------
Melee: Unarmed           ||     7
       Tentacles         ||     2
       Constrict         ||     1
 Cast: Pain              ||    16
  Use: Scroll            ||     1
       Potion            ||     1
 Stab: Sleeping          ||     1
Dodge: Dodged            ||     6
